 Dungeon Crawl Stone Soup version 0.14-a0-1844-g8283a67 (webtiles) character file.

200 Piginabag the Magician (level 5, -13/31 HPs)
             Began as an Octopode Wizard on Jan 12, 2014.
             Mangled by an ogre
             ... wielding a +0,+0 giant spiked club
              (21 damage)
             ... on Level 3 of the Dungeon.
             The game lasted 00:07:42 (3712 turns).

Piginabag the Magician (Octopode Wizard)            Turns: 3712, Time: 00:07:42

HP -13/31        AC  1     Str  7      XL: 5   Next:  8%
MP   7/13        EV 12     Int 21      God:
Gold 76          SH  0     Dex 10      Spells:  3 memorised,  5 levels left

rFire  . . .     SeeInvis .     m - plain deck of war {drawn: 4}
rCold  . . .     Clarity  .     (no shield)
rNeg   . . .     Conserve .     b - +0 wizard hat
rPois  .         rCorr    .     (no amulet)
rElec  .         rRot     .     p - ring of sustenance
SustAb . .       Spirit   .     (no ring)
rMut   .         Warding  .     (no ring)
Saprov . . .     Stasis   .     (no ring)
                                (no ring)
                                (no ring)
                                (no ring)
                                (no ring)

@: non-regenerating, badly diseased, slightly resistant to hostile enchantments,
quite stealthy
A: almost no armour, amphibious, 8 rings, constrict 8, camouflage 1, gelatinous
body 1
a: no special abilities


You were on level 3 of the Dungeon.
You were not hungry.

You visited 1 branch of the dungeon, and saw 3 of its levels.

You collected 76 gold pieces.

Inventory:

Hand weapons
 r - a +3,+1 elven dagger
Armour
 b - a +0 wizard hat (worn)
 s - a +0 dwarven shield
Comestibles
 d - 5 bread rations
 n - a cheese
 w - 2 chunks of gnoll flesh
Scrolls
 a - a scroll of remove curse {unknown}
 e - a scroll of fear {unknown}
 g - a scroll of recharging {unknown}
 h - a scroll of fog
 k - a scroll of amnesia {unknown}
 l - a scroll of curse weapon {unknown}
 u - a scroll of enchant weapon II {unknown}
 v - a scroll of identify
Jewellery
 p - a ring of sustenance (left tentacle)
Potions
 f - 2 potions of mutation
 i - 3 potions of curing {unknown}
 j - a potion of flight {unknown}
 o - 2 potions of heal wounds {unknown}
 q - a potion of lignification {unknown}
 t - a potion of poison {unknown}
Books
 c - a book of Minor Magic

   Spells                             Type                      Level
   *Magic Dart                        Conjuration                  1
   Blink                              Translocation                2
   Call Imp                           Summoning                    2
   Repel Missiles                     Charms/Air                   2
   Slow                               Hexes                        2
   *Conjure Flame                     Conjuration/Fire             3
   *Mephitic Cloud                    Conjuration/Poison/Air       3
Miscellaneous
 m - a plain deck of war {drawn: 4} (in tentacle)


   Skills:
 - Level 2.6 Dodging
 - Level 3.1 Stealth
 + Level 4.4 Spellcasting
 + Level 2.1 Conjurations
   Level 1.0 Summonings
   Level 1.0 Translocations


You had 5 spell levels left.
You knew the following spells:

 Your Spells              Type           Power        Failure   Level  Hunger
a - Magic Dart            Conj           ##..         6%          1    None
b - Mephitic Cloud        Conj/Pois/Air  #.......     30%         3    ###....
c - Conjure Flame         Conj/Fire      #.......     24%         3    ###....


Dungeon Overview and Level Annotations

Branches:
Dungeon (3/16)

Altars:
Elyvilon
Nemelex Xobeh
Xom


Innate Abilities, Weirdness & Mutations

You cannot wear most types of armour.
You are amphibious.
You can wear up to eight rings at the same time.
You can use your tentacles to constrict many enemies at once.
Your skin changes colour to match your surroundings (Stlth).
Your rubbery body absorbs attacks (AC +1).


Message History

The komodo dragon is lightly wounded.
The fireball engulfs you!
One of your 3 scrolls labeled WESSOH PSOT catches fire!
The komodo dragon barely misses you.
Read which item? (? for menu, Esc to quit)
Okay, then.
Read which item? (? for menu, Esc to quit)
As you read the scroll labeled WESSOH PSOT, it crumbles to dust.
The scroll dissolves into smoke.
It was a scroll of fog.
The komodo dragon bites you!
* * * LOW HITPOINT WARNING * * *
You feel ill.
Drink which item? (? for menu, Esc to quit)
Okay, then.
Read which item? (? for menu, Esc to quit)
As you read the scroll labeled BLETIN QUB OLAFAXA, it crumbles to dust.
Nothing appears to happen.
The ogre hits you with a giant spiked club!
Ouch! That really hurt!
You die...

#### ###### #..
#....# #.#
#....###.###
#..........#
#.§........#
#§l§.......###..>
#§@O§............
#§§§§..).........
#.§..%.........#.
######....##.......
#..........#...##..
#.........>#
.......
#..........# . .%##
#.......)..# ....
#..........# #.##


You could see a komodo dragon and an ogre.

Vanquished Creatures
  4 adders
  3 gnolls (D:3)
  An orc (D:3)
  5 giant cockroaches
  8 goblins
  9 hobgoblins
  2 jackals (D:1)
  3 kobolds
  2 quokkas (D:3)
  6 bats
  3 giant geckos (D:2)
  2 giant newts
  5 rats
53 creatures vanquished.

Notes
Turn   | Place    | Note
--------------------------------------------------------------
     0 | D:1      | Piginabag, the Octopode Wizard, began the quest for the Orb.
     0 | D:1      | Reached XP level 1. HP: 11/11 MP: 4/4
   396 | D:1      | Reached XP level 2. HP: 15/17 MP: 4/6
  1120 | D:1      | Found a sparkling altar of Nemelex Xobeh.
  1249 | D:1      | Reached XP level 3. HP: 21/21 MP: 8/8
  2537 | D:2      | Reached skill level 4 in Spellcasting
  2537 | D:2      | Reached XP level 4. HP: 23/27 MP: 3/11
  2683 | D:2      | Found a white marble altar of Elyvilon.
  2684 | D:2      | Found a shimmering altar of Xom.
  2691 | D:2      | Learned a level 3 spell: Mephitic Cloud
  2695 | D:2      | Learned a level 3 spell: Conjure Flame
  3693 | D:3      | Reached XP level 5. HP: 25/31 MP: 1/13
  3706 | D:3      | Noticed an ogre
  3707 | D:3      | Noticed a komodo dragon
  3712 | D:3      | Mangled by an ogre

Action                   |  1- 3 |  4- 6 || total
-------------------------+-------+-------++-------
Melee: Unarmed           |    25 |       ||    25
       Dagger            |     7 |    17 ||    24
 Cast: Magic Dart        |    82 |    65 ||   147
       Mephitic Cloud    |       |     2 ||     2
Evoke: Deck              |       |     4 ||     4
  Use: Scroll            |     4 |     2 ||     6
 Stab: Sleeping          |     2 |       ||     2
       Confused          |       |     1 ||     1
